| TOP OF THE 1ST |
|
Chicago White Sox batting - Pitching for Minnesota Twins : RHP Phil Niekro
|
|
Pitching: RHP Phil Niekro
|
|
|
Batting: SHB Ozzie Smith
|
0-0: Called Strike 0-1: Called Strike 0-2: Strikes out looking
|
|
Batting: LHB Rudy Law
|
0-0: Ground out 4-3 (Groundball, 4, EV 83.1 MPH)
|
|
Batting: RHB Kevin McReynolds
|
0-0: Ball 1-0: Ball 2-0: DOUBLE (Groundball, 5L, EV 102.5 MPH)
|
|
Batting: RHB Steve Henderson
|
0-0: Ball 1-0: Ball 2-0: Called Strike 2-1: Ball 3-1: Base on Balls
|
|
Batting: SHB Dwayne Taggart
|
0-0: Called Strike 0-1: Ball 1-1: Foul Ball, location: 2F 1-2: Ground out 4-3 (Groundball, 4, EV 87.5 MPH)
|
| Top of the 1st over - 0 runs, 1 hit, 0 errors, 2 left on base; Chicago 0 - Minnesota 0 |
| BOTTOM OF THE 1ST |
|
Minnesota Twins batting - Pitching for Chicago White Sox : RHP Ray Corbin
|
|
Pitching: RHP Ray Corbin
|
|
|
Batting: RHB Lee Lacy
|
0-0: Ball 1-0: SINGLE (Line Drive, 89S, EV 90.0 MPH)
|
|
Batting: RHB Steve Brye
|
0-0: Foul Ball, location: 2F 0-1: Ball 1-1: Ball 2-1: Ball 3-1: Base on Balls Lee Lacy to second
|
|
Batting: RHB Larry Hisle
|
0-0: Called Strike 0-1: SINGLE (Groundball, 56D, EV 105.0 MPH) Lee Lacy to third Steve Brye to second Runner from 3rd tries for Home, SAFE, throw by LF to home
|
|
Batting: RHB Randy Edwards
|
0-0: Ball 1-0: SINGLE (Groundball, 34D, EV 96.3 MPH) Steve Brye to third Larry Hisle to second Runner from 3rd tries for Home, SAFE, throw by RF to home
|
|
Batting: LHB Lloyd Moseby
|
0-0: Swinging Strike 0-1: Fly out, F7 (Flyball, 7D, EV 90.6 MPH)
|
|
Batting: RHB Matt Cooper
|
0-0: Ball Wild Pitch! Larry Hisle to third Randy Edwards to second 1-0: Ball 2-0: Ball 3-0: Base on Balls
|
|
Batting: RHB Chet Lemon
|
0-0: Foul Ball, location: 2F 0-1: Fly out, F6 (Popup, 4M, EV 56.3 MPH)
|
|
Batting: RHB Aurelio Rodriguez
|
0-0: Called Strike 0-1: Called Strike 0-2: Ball 1-2: Ball 2-2: Ground out 4-3 (Groundball, 34, EV 89.4 MPH)
|
| Bottom of the 1st over - 2 runs, 3 hits, 0 errors, 3 left on base; Chicago 0 - Minnesota 2 |
| TOP OF THE 2ND |
|
Chicago White Sox batting - Pitching for Minnesota Twins : RHP Phil Niekro
|
|
Batting: RHB Mike Heath
|
0-0: DOUBLE (Groundball, 5L, EV 101.9 MPH)
|
|
Batting: LHB Mitchell Page
|
0-0: Ball 1-0: Ball 2-0: Called Strike 2-1: Foul Ball, location: 2F 2-2: SINGLE (Groundball, 4MD, EV 105.0 MPH) Mike Heath to third Runner from 3rd tries for Home, SAFE, throw by CF to home
|
|
Batting: RHB Jose Castro
|
0-0: Ball Mitchell Page steals 2nd base 1-0: Called Strike 1-1: DOUBLE (Line Drive, 7LM, EV 105.6 MPH) Mitchell Page scores
|
|
Batting: LHB Steve Christmas
|
0-0: Ground out 6-3 (Groundball, 6M, EV 89.4 MPH) Jose Castro to third
|
|
Batting: SHB Ozzie Smith
|
0-0: Called Strike 0-1: Foul Ball, location: 2F 0-2: DOUBLE (Flyball, 9LM, EV 96.3 MPH) Jose Castro scores
|
|
Batting: LHB Rudy Law
|
0-0: Swinging Strike 0-1: Foul Ball, location: 7LSF, Error on foul ball, E7 0-2: Ball 1-2: Ground out 6-3 (Groundball, 6, EV 90.0 MPH) Ozzie Smith to third
|
|
Batting: RHB Kevin McReynolds
|
0-0: Called Strike 0-1: Ball 1-1: Ball 2-1: Ball 3-1: SINGLE (Groundball, 56D, EV 104.4 MPH) Ozzie Smith scores
|
|
Batting: RHB Steve Henderson
|
0-0: Foul Ball, location: 2F 0-1: Ball 1-1: Foul Ball, location: 2F 1-2: Ball 2-2: SINGLE (Groundball, 56D, EV 96.9 MPH) Kevin McReynolds to second
|
|
Batting: SHB Dwayne Taggart
|
0-0: Called Strike 0-1: Ball 1-1: Foul Ball, location: 2F 1-2: Ball 2-2: SINGLE (Line Drive, 6M, EV 97.5 MPH) Kevin McReynolds to third Steve Henderson to second Runner from 3rd tries for Home, SAFE, throw by CF to home
|
|
Batting: RHB Mike Heath
|
0-0: 3-RUN HOME RUN (Flyball, 7D, EV 105.6 MPH), Distance : 381 ft
|
|
Pitching: RHP John Martin
|
|
|
Batting: LHB Mitchell Page
|
0-0: Called Strike 0-1: Ball 1-1: Ground out 4-3 (Groundball, 4, EV 80.6 MPH)
|
| Top of the 2nd over - 8 runs, 8 hits, 1 error, 0 left on base; Chicago 8 - Minnesota 2 |
| BOTTOM OF THE 2ND |
|
Minnesota Twins batting - Pitching for Chicago White Sox : RHP Ray Corbin
|
|
Batting: LHB Ken Oberkfell
|
0-0: Foul Ball, location: 2F 0-1: Ball 1-1: Ball 2-1: Swinging Strike 2-2: Fly out, F7 (Flyball, 7LM, EV 92.5 MPH)
|
|
Batting: RHB Lee Lacy
|
0-0: Ball 1-0: Ball 2-0: Fly out, F3 (Popup, 3F, EV 57.5 MPH)
|
|
Batting: RHB Steve Brye
|
0-0: Foul Ball, location: 2F 0-1: Ball 1-1: Fly out, F9 (Flyball, 9S, EV 90.0 MPH)
|
| Bottom of the 2nd over - 0 runs, 0 hits, 0 errors, 0 left on base; Chicago 8 - Minnesota 2 |
| TOP OF THE 3RD |
|
Chicago White Sox batting - Pitching for Minnesota Twins : RHP John Martin
|
|
Batting: RHB Jose Castro
|
0-0: Called Strike 0-1: Ball 1-1: Ball 2-1: Swinging Strike 2-2: Strikes out swinging
|
|
Batting: LHB Steve Christmas
|
0-0: Called Strike 0-1: Ball 1-1: Ball 2-1: Ground out 6-3 (Groundball, 56, EV 99.4 MPH)
|
|
Batting: SHB Ozzie Smith
|
0-0: Called Strike 0-1: SINGLE (Line Drive, 8RS, EV 93.1 MPH)
|
|
Batting: LHB Rudy Law
|
0-0: Ball 1-0: Called Strike Ozzie Smith steals 2nd base 1-1: Swinging Strike 1-2: Ball 2-2: Strikes out looking
|
| Top of the 3rd over - 0 runs, 1 hit, 0 errors, 1 left on base; Chicago 8 - Minnesota 2 |
| BOTTOM OF THE 3RD |
|
Minnesota Twins batting - Pitching for Chicago White Sox : RHP Ray Corbin
|
|
Batting: RHB Larry Hisle
|
0-0: Fly out, F8 (Flyball, 78M, EV 78.8 MPH)
|
|
Batting: RHB Randy Edwards
|
0-0: Ball 1-0: Fly out, F7 (Flyball, 7, EV 90.0 MPH)
|
|
Batting: LHB Lloyd Moseby
|
0-0: Called Strike 0-1: Foul Ball, location: 2F 0-2: Ball 1-2: Ball 2-2: Foul Ball, location: 2F 2-2: Ball 3-2: Ground out 6-3 (Groundball, 6, EV 101.3 MPH)
|
| Bottom of the 3rd over - 0 runs, 0 hits, 0 errors, 0 left on base; Chicago 8 - Minnesota 2 |
| TOP OF THE 4TH |
|
Chicago White Sox batting - Pitching for Minnesota Twins : RHP John Martin
|
|
Batting: RHB Kevin McReynolds
|
0-0: Ground out 5-3 (Groundball, 5, EV 108.8 MPH)
|
|
Batting: RHB Steve Henderson
|
0-0: Ball 1-0: Called Strike 1-1: Foul Ball, location: 2F 1-2: Ball 2-2: Strikes out swinging
|
|
Batting: SHB Dwayne Taggart
|
0-0: SINGLE (Groundball, 56S, EV 68.1 MPH) (infield hit)
|
|
Batting: RHB Mike Heath
|
0-0: Foul Ball, location: 2F 0-1: Ball 1-1: Fielders Choice at 2nd, 6-4 (Groundball, 56, EV 110.0 MPH)
|
| Top of the 4th over - 0 runs, 1 hit, 0 errors, 1 left on base; Chicago 8 - Minnesota 2 |
| BOTTOM OF THE 4TH |
|
Minnesota Twins batting - Pitching for Chicago White Sox : RHP Ray Corbin
|
|
Batting: RHB Matt Cooper
|
0-0: Ball 1-0: Foul Ball, location: 2F 1-1: Called Strike 1-2: Foul Ball, location: 2F 1-2: Ball 2-2: Fly out, F9 (Line Drive, 9D, EV 88.1 MPH)
|
|
Batting: RHB Chet Lemon
|
0-0: Ball 1-0: Ball 2-0: Called Strike 2-1: Swinging Strike 2-2: Foul Ball, location: 2F 2-2: SINGLE (Line Drive, 3D, EV 96.3 MPH)
|
|
Batting: RHB Aurelio Rodriguez
|
0-0: Called Strike Chet Lemon steals 2nd base (no throw) 0-1: Foul Ball, location: 2F 0-2: Ball 1-2: Ball 2-2: Ball 3-2: Foul Ball, location: 2F 3-2: Foul Ball, location: 2F 3-2: Fly out, F5 (Popup, 5SF, EV 80.0 MPH)
|
|
Batting: LHB Ken Oberkfell
|
0-0: Ball Wild Pitch! Chet Lemon to third 1-0: SINGLE (Groundball, 34D, EV 108.8 MPH) Chet Lemon scores
|
|
Batting: RHB Lee Lacy
|
0-0: Swinging Strike 0-1: Ball 1-1: Foul Ball, location: 2F 1-2: Ball 2-2: Foul Ball, location: 2F 2-2: Ball 3-2: Base on Balls Ken Oberkfell to second
|
|
Batting: RHB Steve Brye
|
0-0: Ball 1-0: SINGLE (Groundball, 34D, EV 104.4 MPH) Ken Oberkfell to third Lee Lacy to second Runner from 3rd tries for Home, SAFE, throw by RF to home
|
|
Batting: RHB Larry Hisle
|
0-0: Ball 1-0: Called Strike 1-1: Foul Ball, location: 2F 1-2: SINGLE (Groundball, 34D, EV 95.6 MPH) Lee Lacy to third Steve Brye to second Runner from 3rd tries for Home, SAFE, throw by RF to home
|
|
Batting: RHB Randy Edwards
|
0-0: Ball 1-0: Ball 2-0: Called Strike 2-1: Ground out 3-1 (Groundball, 34, EV 105.6 MPH)
|
| Bottom of the 4th over - 3 runs, 4 hits, 0 errors, 2 left on base; Chicago 8 - Minnesota 5 |
| TOP OF THE 5TH |
|
Chicago White Sox batting - Pitching for Minnesota Twins : RHP John Martin
|
|
Batting: LHB Mitchell Page
|
0-0: Foul Ball, location: 2F 0-1: Foul Ball, location: 2F 0-2: Ball 1-2: Foul Ball, location: 2F 1-2: Ball 2-2: Ball 3-2: Foul Ball, location: 2F 3-2: SINGLE (Groundball, 4MD, EV 103.1 MPH)
|
|
Batting: RHB Jose Castro
|
0-0: Grounds into double play, 6-4-3 (Groundball, 56, EV 96.9 MPH)
|
|
Batting: LHB Steve Christmas
|
0-0: Ground out 6-3 (Groundball, 6MS, EV 79.4 MPH)
|
| Top of the 5th over - 0 runs, 1 hit, 0 errors, 0 left on base; Chicago 8 - Minnesota 5 |
| BOTTOM OF THE 5TH |
|
Minnesota Twins batting - Pitching for Chicago White Sox : RHP Ray Corbin
|
|
Batting: LHB Lloyd Moseby
|
0-0: Ball 1-0: Ball 2-0: Ball 3-0: Called Strike 3-1: Called Strike 3-2: Fly out, F7 (Flyball, 7D, EV 96.3 MPH)
|
|
Batting: RHB Matt Cooper
|
0-0: Fly out, F7 (Flyball, 7S, EV 80.6 MPH)
|
|
Batting: RHB Chet Lemon
|
0-0: Ground out 3-1 (Groundball, 34S, EV 73.8 MPH)
|
| Bottom of the 5th over - 0 runs, 0 hits, 0 errors, 0 left on base; Chicago 8 - Minnesota 5 |
| TOP OF THE 6TH |
|
Chicago White Sox batting - Pitching for Minnesota Twins : RHP John Martin
|
|
Batting: SHB Ozzie Smith
|
0-0: Ball 1-0: Fly out, F4 (Line Drive, 4, EV 63.1 MPH)
|
|
Batting: LHB Rudy Law
|
0-0: Called Strike 0-1: Ball 1-1: DOUBLE (Flyball, 89XD, EV 92.5 MPH)
|
|
Batting: RHB Kevin McReynolds
|
0-0: Called Strike 0-1: Swinging Strike 0-2: Strikes out swinging
|
|
Batting: RHB Steve Henderson
|
0-0: Called Strike 0-1: Ball 1-1: DOUBLE (Line Drive, 9LM, EV 110.0 MPH) Rudy Law scores
|
|
Batting: SHB Dwayne Taggart
|
0-0: Fly out, F7 (Flyball, 7, EV 90.6 MPH)
|
| Top of the 6th over - 1 run, 2 hits, 0 errors, 1 left on base; Chicago 9 - Minnesota 5 |
| BOTTOM OF THE 6TH |
|
Minnesota Twins batting - Pitching for Chicago White Sox : RHP Ray Corbin
|
|
Pitching: RHP Dave A Campbell
|
|
|
Batting: RHB Aurelio Rodriguez
|
0-0: Called Strike 0-1: Fly out, F4 (Popup, 4, EV 50.6 MPH)
|
|
Batting: LHB Ken Oberkfell
|
0-0: Ball 1-0: Called Strike 1-1: Fly out, F9 (Line Drive, 9, EV 90.0 MPH)
|
|
Batting: RHB Lee Lacy
|
0-0: Called Strike 0-1: Reached on error, E5 (Groundball, 5S, EV 84.4 MPH)
|
|
Batting: RHB Steve Brye
|
0-0: Foul Ball, location: 2F 0-1: Ground out 5-3 (Groundball, 5, EV 78.1 MPH)
|
| Bottom of the 6th over - 0 runs, 0 hits, 1 error, 1 left on base; Chicago 9 - Minnesota 5 |
| TOP OF THE 7TH |
|
Chicago White Sox batting - Pitching for Minnesota Twins : RHP John Martin
|
|
Batting: RHB Mike Heath
|
0-0: Called Strike 0-1: SOLO HOME RUN (Flyball, 7D, EV 91.9 MPH), Distance : 368 ft
|
|
Batting: LHB Mitchell Page
|
0-0: Called Strike 0-1: Swinging Strike 0-2: SINGLE (Line Drive, 34D, EV 97.5 MPH)
|
|
Pitching: LHP Tom Hall
|
|
|
Batting: RHB Jose Castro
|
0-0: Called Strike 0-1: Swinging Strike 0-2: Strikes out swinging
|
|
Batting: LHB Steve Christmas
|
0-0: Ball 1-0: Called Strike 1-1: Called Strike 1-2: Strikes out swinging
|
|
Batting: SHB Ozzie Smith
|
0-0: Foul Ball, location: 2F 0-1: Foul Ball, location: 2F 0-2: Strikes out swinging
|
| Top of the 7th over - 1 run, 2 hits, 0 errors, 1 left on base; Chicago 10 - Minnesota 5 |
| BOTTOM OF THE 7TH |
|
Minnesota Twins batting - Pitching for Chicago White Sox : RHP Dave A Campbell
|
|
Batting: RHB Larry Hisle
|
0-0: Ball 1-0: Ball 2-0: Swinging Strike 2-1: Ball 3-1: Swinging Strike 3-2: SINGLE (Line Drive, 9S, EV 110.6 MPH)
|
|
Batting: RHB Randy Edwards
|
0-0: Called Strike 0-1: Ball 1-1: Ball 2-1: Ball 3-1: Grounds into double play, 5-4-3 (Groundball, 15, EV 77.5 MPH)
|
|
Batting: LHB Lloyd Moseby
|
0-0: Ball 1-0: Called Strike 1-1: Called Strike 1-2: Ball 2-2: Foul Ball, location: 2F 2-2: Ball 3-2: Fly out, F5 (Line Drive, 5, EV 68.8 MPH)
|
| Bottom of the 7th over - 0 runs, 1 hit, 0 errors, 0 left on base; Chicago 10 - Minnesota 5 |
| TOP OF THE 8TH |
|
Chicago White Sox batting - Pitching for Minnesota Twins : LHP Tom Hall
|
|
Batting: LHB Rudy Law
|
0-0: Called Strike 0-1: Ball 1-1: Ground out U3 (Groundball, 3L, EV 86.9 MPH)
|
|
Batting: RHB Kevin McReynolds
|
0-0: Ball 1-0: Fly out, F9 (Flyball, 89M, EV 95.0 MPH)
|
|
Batting: RHB Steve Henderson
|
0-0: Foul Ball, location: 2F 0-1: Swinging Strike 0-2: Fly out, F2 (Popup, 2RF, EV 86.9 MPH)
|
| Top of the 8th over - 0 runs, 0 hits, 0 errors, 0 left on base; Chicago 10 - Minnesota 5 |
| BOTTOM OF THE 8TH |
|
Minnesota Twins batting - Pitching for Chicago White Sox : RHP Dave A Campbell
|
|
Batting: RHB Matt Cooper
|
0-0: Ball 1-0: Ball 2-0: Reached on error, E6 (Groundball, 6, EV 103.8 MPH)
|
|
Pitching: LHP Jerry O'Neill
|
|
|
Batting: RHB Chet Lemon
|
0-0: Ball 1-0: Foul Ball, location: 2F 1-1: Foul Ball, location: 2F 1-2: Ball 2-2: SINGLE (Flyball, 8RS, EV 96.9 MPH) Matt Cooper to second
|
|
Batting: RHB Aurelio Rodriguez
|
0-0: Ball 1-0: Called Strike 1-1: Ball 2-1: Foul Ball, location: 2F 2-2: SINGLE (Flyball, 89S, EV 91.9 MPH) Matt Cooper to third Chet Lemon to second Runner from 3rd tries for Home, SAFE, throw by RF to home
|
|
Batting: LHB Ken Oberkfell
|
0-0: Ball 1-0: Called Strike 1-1: Ball 2-1: DOUBLE (Groundball, 5L, EV 99.4 MPH) Chet Lemon scores Aurelio Rodriguez to third Runner from 3rd tries for Home, SAFE, throw by LF to home
|
|
Batting: RHB Lee Lacy
|
0-0: Ground out 6-3 (Groundball, 6, EV 93.1 MPH)
|
|
Batting: RHB Steve Brye
|
0-0: Ball 1-0: SINGLE (Groundball, 56D, EV 95.6 MPH) Ken Oberkfell to third Runner from 3rd tries for Home, SAFE, throw by LF to home
|
|
Pitching: LHP Gary Christophel
|
|
|
Batting: RHB Larry Hisle
|
0-0: Ball 1-0: Ball 2-0: Ball 3-0: Called Strike 3-1: Swinging Strike 3-2: Strikes out swinging
|
|
Batting: RHB Randy Edwards
|
0-0: Ball 1-0: Fielders Choice at 2nd, 6-4 (Groundball, 56, EV 78.8 MPH)
|
| Bottom of the 8th over - 4 runs, 4 hits, 1 error, 1 left on base; Chicago 10 - Minnesota 9 |
| TOP OF THE 9TH |
|
Chicago White Sox batting - Pitching for Minnesota Twins : LHP Tom Hall
|
|
Pitching: RHP Stephen Fuller
|
|
|
Batting: SHB Dwayne Taggart
|
0-0: Foul Ball, location: 2F 0-1: Ball 1-1: Swinging Strike 1-2: Foul Ball, location: 2F 1-2: Strikes out swinging
|
|
Batting: RHB Mike Heath
|
0-0: Ball 1-0: Ball 2-0: Ball 3-0: Called Strike 3-1: Called Strike 3-2: Base on Balls
|
|
Batting: LHB Mitchell Page
|
0-0: Ball 1-0: Ball 2-0: SINGLE (Line Drive, 4D, EV 96.3 MPH) Mike Heath to second Runner from 2nd tries for 3rd, SAFE, no throw by RF
|
|
Batting: RHB Jose Castro
|
Pickoff Throw to First - Out! 1-3 0-0: Called Strike 0-1: Ball 1-1: Ball 2-1: Foul Ball, location: 2F 2-2: Ball 3-2: 2-RUN HOME RUN (Flyball, 78XD, EV 95.6 MPH), Distance : 429 ft
|
|
Batting: LHB Steve Christmas
|
0-0: Foul Ball, location: 2F 0-1: Swinging Strike 0-2: Strikes out swinging
|
| Top of the 9th over - 2 runs, 2 hits, 0 errors, 0 left on base; Chicago 12 - Minnesota 9 |
| BOTTOM OF THE 9TH |
|
Minnesota Twins batting - Pitching for Chicago White Sox : LHP Gary Christophel
|
|
Batting: LHB Lloyd Moseby
|
0-0: Foul Ball, location: 2F 0-1: Ball 1-1: Foul Ball, location: 2F 1-2: Fly out, F8 (Line Drive, 8RM, EV 96.3 MPH)
|
|
Batting: RHB Matt Cooper
|
0-0: Fly out, F3 (Popup, 3, EV 63.1 MPH)
|
|
Batting: RHB Chet Lemon
|
0-0: Ball 1-0: Called Strike 1-1: Called Strike 1-2: Ball 2-2: Foul Ball, location: 2F 2-2: Ground out 3-1 (Groundball, 34, EV 89.4 MPH)
|
| Bottom of the 9th over - 0 runs, 0 hits, 0 errors, 0 left on base; Chicago 12 - Minnesota 9 |
|